Map: Protocollo centrale

Players

Steven

  • Race: Protoss Protoss
  • League: Diamond

Mørtebianca

  • Race: Protoss Protoss
  • League: Diamond

IlIlIlllIlIl

  • Race: Zerg Zerg
  • League: Gold

Jhyrachy

  • Race: Zerg Zerg
  • League: Silver

VOD

Have the link to the VOD?

Description

Time

  • Played on: Dec. 3, 2015, 5:47 p.m.
  • Length: 11:33
Show
View Real Time Build Order
Export as new Build Order

Steven Protoss 

Build Orders: Nexus First 

Get SALT Encoding   

  12  0:01  Probe (Chrono Boost)  
  13  0:11  Probe (Chrono Boost)  
  14  0:19  Pylon  
  14  0:22  Probe (Chrono Boost)  
  15  0:38  Probe (Chrono Boost)  
  16  0:48  Probe (Chrono Boost)  
  17  1:02  Nexus  
  17  1:11  Gateway  
  17  1:14  Probe (Chrono Boost)  
  18  1:24  Probe (Chrono Boost)  
  19  1:32  Assimilator  
  19  1:35  Probe (Chrono Boost)  
  19  1:36  Assimilator  
  19  1:39  Pylon  
  21  1:47  Probe (Chrono Boost)  
  21  1:59  Probe (Chrono Boost)  
  22  2:09  Probe (Chrono Boost)  
  22  2:11  Cybernetics Core  
  24  2:15  Probe (Chrono Boost)  
  24  2:20  Probe (Chrono Boost)  
  25  2:26  Probe (Chrono Boost)  
  26  2:31  Gateway  
  26  2:32  Gateway  
  26  2:43  Pylon  
  26  2:44  Probe x2 (Chrono Boost)  
  26  2:49  Adept (Chrono Boost)  
  28  2:54  Probe  
  28  2:55  Warp Gate (Chrono Boost)  
  28  2:58  Probe  
  32  3:06  Probe  
  32  3:10  Probe  
  34  3:14  Robotics Facility  
  34  3:18  Probe  
  34  3:19  Adept  
  35  3:26  Adept  
  39  3:30  Adept  
  41  3:39  Pylon  
  41  3:41  Probe  
  42  3:53  Probe  
  43  3:57  Adept  
  43  4:01  Adept  
  47  4:10  Warp Prism (Chrono Boost)  
  49  4:18  Gateway  
  49  4:19  Gateway  
  49  4:23  Gateway  
  49  4:24  Gateway  
  49  4:37  Pylon  
  49  4:48  Adept x3  
  55  5:06  Adept  
  55  5:11  Adept x2  
  51  5:30  Adept x4  
  51  5:31  Adept  
  51  5:32  Adept  
  51  5:33  Adept  
  60  5:55  Adept x2  
  60  5:56  Adept x4  
  70  6:01  Pylon  
  70  6:13  Pylon  
  52  6:26  Adept x3  
  52  6:27  Adept x4  
  52  6:30  Immortal (Chrono Boost)  
  56  6:48  Probe  
  56  6:51  Robotics Bay  
  56  6:52  Assimilator  
  56  6:53  Pylon  
  51  6:56  Assimilator, Pylon  
  51  6:59  Adept  
  51  7:07  Nexus  
  51  7:15  Adept x4  
  51  7:23  Probe  
  51  7:24  Probe  
  53  7:35  Probe  
  53  7:36  Probe  
  58  7:48  Probe x2  
  58  7:51  Stalker x3  
  56  7:59  Pylon  
  56  8:00  Probe x2  
  58  8:07  Adept x2  
  58  8:12  Probe  
  61  8:22  Adept x3  
  61  8:23  Disruptor (Chrono Boost)  
  67  8:30  Pylon  
  67  8:33  Pylon  
  61  8:42  Assimilator, Probe  
  61  8:43  Adept  
  61  8:46  Assimilator  
  61  8:47  Pylon  
  64  8:51  Pylon x2  
  64  8:53  Probe  
  65  8:57  Disruptor (Chrono Boost)  
  65  8:58  Adept  
  68  9:13  Adept x2  
  72  9:17  Forge  
  72  9:19  Forge  
  72  9:21  Adept  
  72  9:23  Adept  
  76  9:32  Probe  
  77  9:43  Probe  
  78  9:49  Pylon  
  78  9:50  Disruptor (Chrono Boost)  
  78  9:51  Pylon  
  75  9:53  Probe  
  75  9:57  Adept x2  
  75  9:58  Adept  
  82  10:04  Probe  
  83  10:14  Probe  
  83  10:18  Stalker x2  
  83  10:19  Stalker  
  90  10:23  Photon Cannon  
  90  10:28  Photon Cannon  
  87  10:40  Stalker x2  
  87  10:41  Stalker x2  
  64  10:59  Mothership Core  
Show
View Real Time Build Order
Export as new Build Order

Mørtebianca Protoss 

Build Orders:  

Get SALT Encoding   

  12  0:01  Drone  
  13  0:08  Drone  
  14  0:16  Overlord  
  14  0:35  Drone x2  
  15  0:36  Drone  
  17  0:55  Hatchery  
  16  0:57  Drone  
  16  1:00  Drone  
  18  1:15  Spawning Pool  
  17  1:24  Drone x2  
  19  1:39  Drone  
  20  1:50  Hatchery  
  20  1:53  Drone x2  
  21  1:55  Extractor  
  20  2:16  Hatchery  
  20  2:18  Zergling x4  
  20  2:21  Zergling x2  
  22  2:25  Drone  
  22  2:26  Drone  
  24  2:30  Drone  
  24  2:33  Drone  
  26  2:41  Drone  
  27  2:45  Drone  
  28  2:52  Overlord  
  28  2:55  Overlord  
  28  3:06  Metabolic Boost  
  28  3:16  Drone  
  28  3:17  Drone x5  
  34  3:30  Drone x3  
  34  3:32  Drone  
  34  3:33  Extractor, Drone  
  38  3:35  Drone  
  38  3:37  Drone  
  38  3:39  Drone, Queen  
  43  3:43  Overlord  
  43  3:48  Overlord  
  43  3:59  Drone  
  43  4:00  Queen  
  43  4:02  Zergling x2  
  47  4:03  Zergling x8  
  47  4:06  Zergling x2  
  52  4:10  Spine Crawler  
  52  4:14  Spine Crawler  
  52  4:15  Spore Crawler, Drone  
  49  4:17  Drone  
  50  4:33  Drone  
  50  4:35  Drone x2  
  50  4:38  Extractor  
  52  4:40  Extractor, Lair  
  52  4:42  Drone x7  
  52  4:43  Drone  
  52  4:45  Drone  
  58  4:59  Zergling x2  
  58  5:00  Zergling x14  
  58  5:04  Zergling x2  
  65  5:10  Zergling x6  
  65  5:12  Zergling x6  
  67  5:34  Roach Warren  
  66  5:36  Drone x3, Evolution Chamber  
  66  5:37  Evolution Chamber  
  66  5:39  Drone x3  
  66  5:40  Drone x2  
  66  5:42  Overlord x2  
  69  5:55  Zergling x8  
  70  5:59  Zergling x4  
  70  6:02  Zergling x2  
  70  6:03  Zergling x4  
  74  6:07  Zergling x2  
  75  6:14  Spore Crawler, Spine Crawler  
  75  6:16  Zergling x8  
  75  6:17  Zergling x8  
  73  6:23  Roach  
  73  6:24  Roach x2  
  69  6:38  Roach  
  69  6:39  Roach x4  
  78  6:43  Roach x2  
  76  6:48  Roach x2  
  76  6:49  Zerg Missile Weapons Level 1  
  76  6:52  Drone  
  76  6:53  Drone  
  81  6:54  Drone  
  81  6:59  Zerg Ground Armor Level 1  
  81  7:00  Glial Reconstitution  
  80  7:09  Roach x3  
  85  7:19  Drone  
  85  7:20  Drone x2  
  81  7:39  Roach x3  
  82  7:53  Drone x3  
  82  7:54  Drone x4  
  88  7:58  Burrow  
  88  8:02  Drone  
  88  8:04  Overlord x4, Hydralisk Den  
  84  8:19  Tunneling Claws, Drone x2  
  84  8:20  Drone  
  84  8:22  Overlord  
  84  8:23  Overlord  
  84  8:27  Pneumatized Carapace  
  81  8:38  Drone x2  
  81  8:39  Drone x2  
  81  8:40  Drone, Overseer  
  81  8:41  Hydralisk x3  
  91  8:54  Hydralisk x4  
  98  9:15  Queen  
  100  9:17  Hydralisk x5  
  100  9:18  Hydralisk  
  110  9:26  Hydralisk x3  
  116  9:31  Lurker Den  
  116  9:34  Drone  
  116  9:35  Drone  
  117  10:05  Queen  
  119  10:07  Roach  
  119  10:08  Roach x3  
  119  10:09  Overlord x3  
  127  10:16  Roach x17  
  127  10:17  Hatchery  
  126  10:27  Roach x14  
  126  10:28  Hydralisk  
  126  10:42  Queen  
  118  10:52  Hydralisk  
  118  10:54  Hydralisk  
  118  10:55  Hydralisk x9  
  134  11:01  Zergling x2  
  134  11:02  Zergling x8  
Show
View Real Time Build Order
Export as new Build Order

IlIlIlllIlIl Zerg 

Build Orders:  

Get SALT Encoding   

Show
View Real Time Build Order
Export as new Build Order

Jhyrachy Zerg 

Build Orders:  

Get SALT Encoding   

Tags
 
Add a new tag
Caveats
  • Supply blocks, unpowered buildings, or Contaminate may cause inaccurate times.
  • Supply counts are checked every 10 seconds.